AoeStats
← Sahnehäubchen

Arabia

508292169Analyzed
1v1 RM · 12d ago on Sep 21, 2026· 23m 14s· 2 players
Game mode
Random Map
Map size
Tiny (2 player)
Population
200
Speed
Normal
Resources
Standard
Victory
Conquest
Starting age
Dark Age
Ending age
Imperial Age
RankedLock teamsTeams togetherTeam positionsShared explorationLock speedFull tech treeHidden civsTurbo modeCheats
Victory
Defeat
🇦🇷 Chinese · Argentina
1002
+16
🇦🇹 Ethiopians · Austria
1007
-16
Rhomanofk
0:34 Loom
13:54 Feudal Age
14:23 Double-Bit Axe
16:10 Wheelbarrow
16:45 Bloodlines
21:36 Fletching
Sahnehäubchen
4:59 Loom
11:30 Feudal Age
13:10 Double-Bit Axe
23:47 Castle Age
22:13 Stone Mining
22:55 Fletching
Connection lost

Rejoining the realm…

Still unreachable

The connection could not be restored.

Session expired

The server has moved on; the page needs a fresh start.